 Dungeon Crawl Stone Soup version 0.23-a0-641-g0a7f1ce553 (webtiles) character file.

103 HereIgoKillingAgain the Insei (level 4, -5/33 HPs)
             Began as a Demonspawn Transmuter on Dec 30, 2018.
             Was an Initiate of Yredelemnul.
             Slain by a gnoll
             ... wielding a +0 halberd
              (11 damage)
             ... on level 2 of the Dungeon.
             The game lasted 00:02:23 (2356 turns).

HereIgoKillingAgain the Insei (DsTm)                Turns: 2356, Time: 00:02:24

Health: -5/33      AC:  3    Str: 12    XL:     4   Next: 51%
Magic:  0/7        EV: 12    Int: 14    God:    Yredelemnul [......]
Gold:   122        SH:  0    Dex: 13    Spells: 7/8 levels left

rFire    . . .     SeeInvis .   k - +1 dagger (venom)
rCold    . . .     Gourm    .   (no shield)
rNeg     . . .     Faith    .   b - +0 robe
rPois    .         Spirit   +   h - +0 helmet
rElec    .         Reflect  .   (no cloak)
rCorr    .         Harm     .   (no gloves)
MR       .....                  (no boots)
Stlth    +.........             (no amulet)
HPRegen  0.11/turn              (no ring)
MPRegen  0.10/turn              (no ring)

@: no status effects
A: claws 2, magic shield
a: Renounce Religion


You were on level 2 of the Dungeon.
You worshipped Yredelemnul.
Yredelemnul was noncommittal.
You were not hungry.

You visited 1 branch of the dungeon, and saw 2 of its levels.

You collected 122 gold pieces.

Inventory:

Hand Weapons
 k - a +1 dagger of venom (weapon)
Missiles
 a - 12 arrows
Armour
 b - a +0 robe (worn)
 h - a +0 helmet (worn)
Jewellery
 i - an uncursed ring of protection from fire {unknown}
Scrolls
 c - 2 scrolls of teleportation {unknown}
 f - 3 scrolls of identify {unknown}
 g - 4 scrolls of magic mapping {unknown}
 j - a scroll of remove curse {unknown}
 l - a scroll of enchant armour {unknown}
 m - a scroll of blinking {unknown}
Potions
 e - a potion of heal wounds {unknown}
 n - 2 potions of haste {unknown}
Comestibles
 d - a ration


   Skills:
 + Level 2.0 Fighting
 - Level 1.7 Dodging
 * Level 3.7 Unarmed Combat
 + Level 2.6 Spellcasting
 + Level 2.5 Transmutations


You had 7 spell levels left.
You knew the following spells:

 Your Spells              Type           Power        Failure   Level  Hunger
a - Beastly Appendage     Tmut           #.....       8%          1    #......

Your spell library contained the following spells:

 Spells                   Type           Power        Failure   Level  Hunger
 Sticks to Snakes         Tmut           #.......     12%         2    ###....
 Spider Form              Tmut/Pois      #.........   38%         3    ###....
 Ice Form                 Ice/Tmut       #.......     80%         4    #####..
 Blade Hands              Tmut           #.........   91%         5    ######.


Dungeon Overview and Level Annotations

Branches:
Dungeon (2/15)

Altars:
Yredelemnul


Innate Abilities, Weirdness & Mutations

You have very sharp fingernails.
When hurt, damage is shared between your health and your magic reserves.


Message History

There is a stone staircase leading up here.
Unknown command.
The gnoll shouts!
The gnoll is too close now for your liking.
The gnoll hits you with a +0 spear!
You hit the gnoll.
The gnoll is poisoned.
The gnoll is lightly wounded.
The gnoll hits you from afar with a +0 halberd!
The gnoll hits you with a +0 spear.
* * * LOW HITPOINT WARNING * * *
You are too injured to fight recklessly!
The gnoll hits you from afar with a +0 spear.
* * * LOW HITPOINT WARNING * * *
There is a stone staircase leading up here.
You kill the gnoll!
Yredelemnul accepts your kill. The gnoll barely misses you.
The gnoll hits you from afar with a +0 halberd!
You die...
Your body rises from the dead as a mindless zombie.

########
#......########
#.........#...##
#...g..........##
#.@g)[..........#
#.....).........#
#..)............#
####..)........##
#..........#####
#..............#
#....#.##..<...#
###)##.##......#
##......#gg....#


You could see 2 gnolls.

Vanquished Creatures
  2 gnolls
  3 adders (D:2)
  2 worms (D:2)
  2 dart slugs
  3 bats
  4 giant cockroaches
  11 goblins
  4 hobgoblins
  2 jackals (D:1)
  2 quokkas (D:2)
  2 frilled lizards
  3 kobolds
  6 rats
46 creatures vanquished.

Vanquished Creatures (others)
  8 toadstools (D:2)
8 creatures vanquished.

Grand Total: 54 creatures vanquished

Notes
Turn   | Place    | Note
-------+----------+-------------------------------------------
     0 | D:1      | HereIgoKillingAgain the Demonspawn Transmuter began the
                  | quest for the Orb.
     0 | D:1      | Reached XP level 1. HP: 15/15 MP: 3/3
   204 | D:1      | Gained mutation: When hurt, damage is shared between your
                  | health and your magic reserves. [demonic ancestry]
   204 | D:1      | Reached XP level 2. HP: 15/21 MP: 5/5
   320 | D:1      | Reached skill level 3 in Unarmed Combat
   875 | D:2      | Gained mutation: You have sharp fingernails. [demonic
                  | ancestry]
   875 | D:2      | Reached XP level 3. HP: 17/26 MP: 3/6
  1541 | D:2      | Found a basalt altar of Yredelemnul.
  1777 | D:2      | Became a worshipper of Yredelemnul the Dark
  1826 | D:2      | Gained mutation: You have very sharp fingernails. [demonic
                  | ancestry]
  1826 | D:2      | Reached XP level 4. HP: 29/33 MP: 5/7
  2356 | D:2      | Slain by a gnoll

Vault maps used:
D:1:      eino_arrival_druids_welcome
D:2:      cheibrodos_fertilizer, lemuel_round_altar,
          chequers_ecumenical_altar_twisty

Skill      XL: |  1  2  3  4 |
---------------+-------------+-----
Unarmed Combat | 3 |  3.7
Transmutations | 2 |  2.5
Fighting       | 2 |  2.0
Dodging        | |  1.7
Spellcasting   | |  2.6

Action                   |  1- 3 |  4- 6 || total
-------------------------+-------+-------++-------
Melee: Unarmed           |    81 |       ||    81
       Headbutt          |     1 |       ||     1
       Kick              |     4 |       ||     4
       Dagger            |    63 |    15 ||    78
 Cast: Beastly Appendage |     5 |       ||     5
  Eat: Chunk             |     2 |       ||     2
       Ration            |       |     1 ||     1
Armor: Robe              |    24 |     3 ||    27
Dodge: Dodged            |    87 |    18 ||   105

Table legend:
 A = Non-vault XP
 B = Vault XP
 C = Vault XP percentage of total XP
 D = Non-vault monster count
 E = Vault monster count
 F = Vault count percentage of total count
                 A         B        C        D         E       F
            +---------+---------+-------+---------+---------+-------
      Total |     148 |       0 |   0.0 |      46 |       0 |   0.0
            +---------+---------+-------+---------+---------+-------
        D:1 |      49 |       0 |   0.0 |      20 |       0 |   0.0
        D:2 |      99 |       0 |   0.0 |      26 |       0 |   0.0
            +---------+---------+-------+---------+---------+-------
